 Dungeon Crawl Stone Soup version 0.27.1-33-g824d729ab1 (webtiles) character file.

Game seed: 16174844660448569746

168 Domzy the Chopper (level 5, -2/41 HPs)
             Began as a Demonspawn Fighter on Dec 11, 2021.
             Slain by Grinder (5 damage)
             ... while paralysed by Grinder
             ... on level 3 of the Dungeon.
             The game lasted 00:03:45 (2594 turns).

Domzy the Chopper (Demonspawn Fighter)              Turns: 2594, Time: 00:03:46

Health: -2/41      AC:  8    Str: 18    XL:     5   Next: 23%
Magic:  5/5        EV:  2    Int:  9    God:
Gold:   82         SH:  0    Dex: 12    Spells: 4/4 levels left

rFire    . . .     SeeInvis .   a - +0 war axe
rCold    . . .     Faith    .   c - +0 kite shield
rNeg     . . .     Spirit   .   b - +0 scale mail
rPois    .         Reflect  .   (helmet restricted)
rElec    .         Harm     .   i - scarf {repulsion}
rCorr    .         Rampage  .   (no gloves)
Will     .....                  (no boots)
Stlth    ..........             (no amulet)
HPRegen  0.13/turn              (no ring)
MPRegen  0.09/turn              (no ring)

@: paralysed, repel missiles
A: horns 1, sharp scales 2
a: no special abilities


You were on level 3 of the Dungeon.
You visited 1 branch of the dungeon, and saw 4 of its levels.

You collected 82 gold pieces.

Inventory:

Hand Weapons
 a - a +0 war axe (weapon)
Armour
 b - a +0 scale mail (worn)
 c - a +0 kite shield (worn)
 i - a scarf of repulsion (worn)
Jewellery
 g - a ring of ice
 k - an amulet of the acrobat
 n - a ring of ice
 o - a +4 ring of protection
Scrolls
 e - a scroll of enchant weapon {unknown}
 f - a scroll of fear {unknown}
 h - 2 scrolls of identify {unknown}
 j - 2 scrolls of teleportation {unknown}
 m - a scroll of immolation {unknown}
Potions
 d - a potion of might
 l - a potion of curing {unknown}


   Skills:
 - Level 3.1 Fighting
 + Level 4.6 Axes
 - Level 3.0 Armour
 - Level 0.1 Dodging
 - Level 2.9 Shields


You had 4 spell levels left.
You didn't know any spells.
Your spell library was empty.

Dungeon Overview and Level Annotations

Branches:
Dungeon (4/15)
 Temple: D:4-7

Altars:

Annotations:
D:3 Grinder


Innate Abilities, Weirdness & Mutations

You have a pair of small horns on your head.
You are mostly covered in razor-sharp scales. (AC +2, Slay +2)


Message History

Found 10 gold pieces.
You slash Grinder!
Grinder is moderately wounded.
Grinder hits you. Grinder hits you but does no damage.
You hit Grinder.
Grinder is moderately wounded.
Grinder blinks!
Grinder gestures at you.
You barely resist.
Grinder blinks!
Grinder blinks!
There is an open door here.
You hit Grinder.
Grinder is heavily wounded.
You block Grinder's attack. Grinder hits you.
You writhe in agony.
You hit Grinder.
Grinder is heavily wounded.
Grinder gestures at you.
You suddenly lose the ability to move!
Grinder hits you.
You writhe in agony.
Grinder hits you.
You writhe in agony.
Grinder barely misses you.
You can move again.
You slash Grinder!
Grinder is severely wounded.
Grinder hits you but does no damage.
Grinder grins, showing sharp teeth.
Grinder hits you!
You closely miss Grinder. You headbutt Grinder.
Grinder is almost dead.
Grinder gestures at you. Pain shoots through your body!
* * * LOW HITPOINT WARNING * * *
You hit Grinder. Your headbutt misses Grinder.
Grinder is almost dead.
Grinder barely misses you. Grinder gestures at you.
You suddenly lose the ability to move!
Grinder hits you.
You die...

##################
..................
#....)..######## #.......#
#†......# #######.#
#########.......###.......#
...............5@...#######
................###..#
.........######## #..##
.........#### #...#
###'#####....# #.#.#
.....####....# #........
.............#. ......$..
...........).'. ..........
.............# #####..####


You could see Grinder.

Vanquished Creatures
  A bullfrog zombie (D:3)
  Jessica (D:2)
  4 adders (D:2)
  A dart slug (D:2)
  4 bats
  7 endoplasms
  3 giant cockroaches
  5 goblins
  11 hobgoblins
  4 jackals (D:1)
  9 kobolds
  4 quokkas
  4 ball pythons
  A frilled lizard (D:3)
  5 rats
64 creatures vanquished.

Notes
Turn   | Place    | Note
-------+----------+-------------------------------------------
     0 | D:1      | Domzy the Demonspawn Fighter began the quest for the Orb.
     0 | D:1      | Reached XP level 1. HP: 18/18 MP: 1/1
   199 | D:1      | Gained mutation: You have a pair of small horns on your
                  | head. [demonic ancestry]
   199 | D:1      | Reached XP level 2. HP: 23/24 MP: 2/2
   297 | D:1      | Reached skill level 2 in Axes
   743 | D:1      | Gained mutation: You are partially covered in razor-sharp
                  | scales. (AC +1, Slay +1) [demonic ancestry]
   743 | D:1      | Reached XP level 3. HP: 26/29 MP: 3/3
   789 | D:1      | Found a faded altar of an unknown god.
  1012 | D:2      | Reached skill level 3 in Axes
  1211 | D:2      | Reached XP level 4. HP: 28/35 MP: 4/4
  1788 | D:2      | Noticed Jessica
  1799 | D:2      | Killed Jessica
  1800 | D:2      | Reached skill level 4 in Axes
  2115 | D:3      | Gained mutation: You are mostly covered in razor-sharp
                  | scales. (AC +2, Slay +2) [demonic ancestry]
  2115 | D:3      | Reached XP level 5. HP: 33/41 MP: 5/5
  2574 | D:3      | Noticed Grinder
  2587 | D:3      | Paralysed by Grinder for 4 turns
  2593 | D:3      | Paralysed by Grinder for 3 turns
  2594 | D:3      | Slain by Grinder

Illustrated notes

Levels and vault maps discovered:
D:1:      dpeg_arrival_simpleton_c, layout_basic, ebering_ecumenical_altar_hall
D:2:      layout_basic, uniq_jessica
D:3:      layout_basic, uniq_grinder
D:4:      layout_rooms, nemelex_spade_bored_becter

Skill      XL: |  1  2  3  4 |
---------------+-------------+-----
Armour         | 3 |  3.0
Axes           | 2 3 4 |  4.6
Fighting       | |  3.1
Dodging        | |  0.1
Shields        | |  2.9

Action                   |  1- 3 |  4- 6 || total
-------------------------+-------+-------++-------
Melee: War axe           |    81 |    71 ||   152
       Headbutt          |     8 |    10 ||    18
Armor: Scale mail        |    52 |    27 ||    79
Dodge: Dodged            |    28 |    14 ||    42
Block: Kite shield       |    55 |    32 ||    87
